AoeStats
← bethanybeauty15060

Nomad

510160371Analyzed
4v4 RM · 4d ago on Sep 29, 2026· 77m 25s· 8 players
Game mode
Random Map
Map size
231×231
Population
200
Speed
Normal
Resources
Standard
Victory
Conquest
Starting age
Dark Age
Ending age
Imperial Age
RankedLock teamsTeams togetherTeam positionsShared explorationLock speedFull tech treeHidden civsTurbo modeCheats
Victory
Defeat
1066
+12
🇨🇳 Italians · China
1049
+13
🇵🇪 Persians · Peru
1023
+14
🇨🇴 Portuguese · Colombia
928
+17
🇳🇱 Spanish · Netherlands
1000
-15
🇬🇧 Malay · United Kingdom
993
-15
🇹🇷 Vietnamese · Türkiye
956
-13
🇹🇷 Poles · Türkiye
956
-13
bangoboom
6:46 Loom
18:41 Feudal Age
20:59 Fishing Lines
22:21 Gold Mining
27:40 Castle Age
27:49 Medium Warships
27:30 Gillnets
28:07 Double-Bit Axe
28:27 Stone Mining
28:59 Fletching
30:16 Bow Saw
32:10 Bodkin Arrow
33:04 Horse Collar
40:40 Imperial Age
43:18 Conscription
43:10 Forging
43:06 Scale Barding Armor
52:21 Iron Casting
51:47 Bracer
53:18 Man-at-Arms
53:58 Squires
53:44 Arson
54:27 Long Swordsman
59:07 Heavy Warships
59:01 Two-Handed Swordsman
59:07 Pikeman
59:40 Halberdier
MAD
4:54 Loom
22:05 Feudal Age
27:07 Castle Age
25:33 Stone Mining
28:18 Double-Bit Axe
28:59 Gold Mining
29:47 Stone Shaft Mining
32:02 Padded Archer Armor
33:01 Fletching
33:20 Horse Collar
36:35 Wheelbarrow
38:35 Bodkin Arrow
38:56 Leather Archer Armor
38:54 Bow Saw
43:11 Imperial Age
41:02 Chatras
43:41 Bloodlines
43:32 Husbandry
44:01 Elite Rattan Archer
45:47 Heavy Plow
46:22 Bracer
49:37 Hoardings
49:42 Ballistics
49:29 Siege Engineers
50:03 Hand Cart
51:13 Chemistry
52:06 Two-Man Saw
52:54 Ring Archer Armor
57:02 Paper Money
64:18 Town Watch
karaokur
6:58 Loom
21:35 Feudal Age
22:54 Wheelbarrow
22:01 Horse Collar
23:13 Double-Bit Axe
23:21 Stone Mining
28:47 Castle Age
26:41 Gold Mining
28:40 Town Watch
29:52 Hand Cart
30:01 Heavy Plow
30:18 Bow Saw
32:54 Stone Shaft Mining
39:53 Imperial Age
37:52 Forging
37:48 Scale Barding Armor
37:44 Scale Mail Armor
40:00 Iron Casting
39:46 Chain Barding Armor
39:49 Szlachta Privileges
40:27 Squires
40:13 Arson
41:50 Crop Rotation
41:43 Elite Obuch
42:44 Conscription
46:54 Fletching
47:05 Padded Archer Armor
48:07 Lechitic Legacy
47:16 Cavalier
48:47 Husbandry
51:35 Blast Furnace
50:01 Light Cavalry
53:06 Bloodlines
54:32 Bodkin Arrow
54:53 Leather Archer Armor
54:04 Winged Hussar
55:25 Bloodlines
aclcbrn
7:18 Loom
15:03 Feudal Age
15:47 Fishing Lines
17:20 Double-Bit Axe
17:28 Gold Mining
21:50 Town Watch
24:09 Castle Age
23:38 Stone Mining
26:09 Medium Warships
28:32 Pikeman
36:24 Imperial Age
38:18 Chemistry
66:34 Elite Cannon Galleon
Tutmosis
16:56 Feudal Age
21:18 Castle Age
19:01 Fishing Lines
20:44 Wheelbarrow
19:57 Double-Bit Axe
23:34 Hand Cart
23:13 Gillnets
23:50 Bow Saw
27:34 Gold Mining
27:35 Stone Mining
39:34 Imperial Age
41:01 Conscription
49:57 Fletching
49:57 Elite Organ Gun
51:08 Ballistics
51:00 Masonry
50:31 Treadmill Crane
51:15 Town Watch
54:43 Arquebus
55:57 Siege Engineers
67:00 Chemistry
65:56 Murder Holes
66:32 Architecture
70:03 Forging
69:54 Scale Mail Armor
69:49 Bodkin Arrow
69:55 Padded Archer Armor
YB
4:24 Loom
14:53 Feudal Age
16:55 Wheelbarrow
18:16 Wheelbarrow
20:22 Castle Age
19:30 Fletching
21:40 Medium Warships
23:52 Bloodlines
23:43 Husbandry
25:28 Wheelbarrow
27:29 Hand Cart
29:28 Double-Bit Axe
30:56 Stone Mining
30:56 Gold Mining
31:29 Forging
32:00 Bow Saw
32:37 Fishing Lines
33:37 Gillnets
35:19 Scale Barding Armor
36:34 Caravan
37:22 Horse Collar
42:30 Imperial Age
40:09 Bodkin Arrow
40:49 Iron Casting
40:35 Chain Barding Armor
40:20 Kamandaran
41:10 Padded Archer Armor
42:17 Cavalier
42:44 Crossbowman
43:30 Thumb Ring
43:37 Savar
45:30 Guilds
46:26 Blast Furnace
48:02 Conscription
47:54 Citadels
48:30 Plate Barding Armor
50:09 Hoardings
50:10 Heavy Plow
50:54 Leather Archer Armor
52:22 Elite War Elephant
58:49 Gold Shaft Mining
66:15 Masonry
66:02 Murder Holes
70:49 Spies/Treason
73:49 Careening
74:42 Chemistry
75:31 Heavy Warships
77:30 Dry Dock
§ El Rick más Rick §
15:03 Feudal Age
15:22 Loom
15:45 Gold Mining
16:00 Double-Bit Axe
20:06 Wheelbarrow
20:31 Fletching
26:23 Horse Collar
29:27 Stone Mining
32:22 Castle Age
30:27 Scale Mail Armor
30:39 Arson
31:15 Forging
33:22 Squires
33:26 Heavy Plow
33:44 Bow Saw
35:08 Iron Casting
35:10 Chain Mail Armor
40:40 Masonry
42:07 Hand Cart
47:53 Gold Shaft Mining
56:55 Imperial Age
54:57 Treadmill Crane
55:44 Bodkin Arrow
57:00 Capped Ram
58:03 Conscription
59:56 Blast Furnace
59:28 Plate Mail Armor
61:46 Town Watch
61:24 Elite Samurai
62:45 Hoardings
62:48 Kataparuto
70:09 Two-Man Saw
73:49 Spies/Treason
76:01 Demolition Ship
76:52 Medium Warships
76:25 Fishing Lines
76:50 Bracer
76:52 Padded Archer Armor
77:19 Ballistics
78:28 Heavy Warships
bethanybeauty15060
9:45 Loom
15:51 Feudal Age
17:15 Double-Bit Axe
23:13 Castle Age
21:41 Gold Mining
24:15 Bow Saw
24:37 Horse Collar
27:45 Heavy Plow
28:50 Fletching
30:13 Wheelbarrow
30:26 Bodkin Arrow
34:04 Hand Cart
38:46 Imperial Age
39:33 Bracer
41:00 Crop Rotation
40:45 Stone Mining
41:49 Conscription
43:29 Ballistics
43:21 Masonry
44:14 Conscription
44:53 Padded Archer Armor
46:33 Leather Archer Armor
46:26 Town Watch
47:45 Town Patrol
47:50 Elite Genoese Crossbowman
49:07 Hoardings
50:06 Chemistry
49:41 Architecture
54:00 Ring Archer Armor
55:03 Bloodlines
54:54 Husbandry
54:52 Cavalier
56:16 Treadmill Crane
56:33 Murder Holes
56:46 Scale Barding Armor
56:52 Forging
57:10 Guilds
56:36 Onager
56:41 Capped Ram
58:21 Stone Shaft Mining
62:20 Chain Barding Armor
62:36 Iron Casting
65:06 Blast Furnace
64:41 Plate Barding Armor
70:48 Spies/Treason
Connection lost

Rejoining the realm…

Still unreachable

The connection could not be restored.

Session expired

The server has moved on; the page needs a fresh start.